 Dungeon Crawl Stone Soup version 0.24.1 (webtiles) character file.

Game seed: 9550673580403409254, levelgen mode: deterministic

1081 Destapler the Stinger (level 8, -3/60 HPs)
             Began as a Gnoll Wanderer on Mar 29, 2020.
             Slain by an orc
             ... wielding a +0 short sword
              (4 damage)
             ... on level 7 of the Dungeon.
             The game lasted 00:19:43 (5841 turns).

Destapler the Stinger (Gnoll Wanderer)              Turns: 5841, Time: 00:19:44

Health: -3/60      AC:  6    Str: 16    XL:     8   Next: 29%
Magic:  14/15      EV: 13    Int: 16    God:
Gold:   412        SH:  9    Dex: 14    Spells: 14/15 levels left

rFire    . . .     SeeInvis .   x - +0 dagger (vamp)
rCold    + + .     Gourm    .   y - +0 shield
rNeg     . . .     Faith    .   q - +1 robe {MR+}
rPois    .         Spirit   .   (helmet restricted)
rElec    .         Reflect  .   B - +0 cloak
rCorr    .         Harm     .   h - +1 pair of gloves
MR       +....                  (no boots)
Stlth    +++.......             (no amulet)
HPRegen  0.20/turn              i - ring of protection from cold
MPRegen  0.14/turn              j - ring of protection from cold

@: very slightly contaminated
A: distributed training, fangs 1, horns 1, high mp 1, strong nose
a: no special abilities


You were on level 7 of the Dungeon.
You were not hungry.

You visited 1 branch of the dungeon, and saw 7 of its levels.

You collected 412 gold pieces.

Inventory:

Hand Weapons
 a - a +2 dagger
 x - a +0 vampiric dagger (weapon)
Missiles
 b - 4 curare-tipped darts
 g - 128 stones
 n - 3 throwing nets (quivered)
Armour
 h - a +1 pair of gloves (worn)
 q - a +1 robe of magic resistance (worn)
 y - a +0 shield (worn)
 B - a +0 cloak (worn)
Jewellery
 d - an uncursed ring of ice
 i - a ring of protection from cold (left hand)
 j - a ring of protection from cold (right hand)
Wands
 t - a wand of clouds (4)
 w - a wand of iceblast (10)
Scrolls
 e - a scroll of identify
 k - 2 scrolls of blinking
 m - a scroll of fog
 o - 2 scrolls of enchant armour
 p - a scroll of magic mapping
 s - 2 scrolls of teleportation
 v - a scroll of remove curse
Potions
 c - 2 potions of curing
 l - a potion of heal wounds
 r - 2 potions of magic
 u - a potion of mutation
 z - 3 potions of haste
 A - a potion of agility
Comestibles
 f - 17 rations
 C - a chunk of flesh


   Skills:
 + Level 4.0 Fighting
 + Level 3.1 Short Blades
 + Level 3.1 Long Blades
 + Level 3.1 Axes
 + Level 3.1 Maces & Flails
 + Level 3.1 Polearms
 + Level 3.1 Staves
 + Level 3.1 Slings
 + Level 3.1 Bows
 + Level 3.1 Crossbows
 + Level 4.0 Throwing
 + Level 3.1 Armour
 + Level 5.5 Dodging
 + Level 3.9 Stealth
 + Level 3.1 Shields
 + Level 3.1 Unarmed Combat
 + Level 4.2 Spellcasting
 + Level 2.5 Conjurations
 + Level 2.5 Hexes
 + Level 2.5 Charms
 + Level 3.3 Summonings
 + Level 2.5 Necromancy
 + Level 2.5 Translocations
 + Level 2.5 Transmutations
 + Level 2.5 Fire Magic
 + Level 2.5 Ice Magic
 + Level 2.5 Air Magic
 + Level 2.5 Earth Magic
 + Level 6.0 Poison Magic
 + Level 3.4 Invocations
 + Level 3.1 Evocations


You had 14 spell levels left.
You knew the following spells:

 Your Spells              Type           Power        Failure   Level  Hunger
a - Summon Small Mammal   Summ           ##..         21%         1    None

Your spell library contained the following spells:

 Spells                   Type           Power        Failure   Level  Hunger
 Confusing Touch          Hex            ##....       28%         1    None
 Summon Guardian Golem    Hex/Summ       ##......     56%         3    ###....
 Confuse                  Hex            ##......     63%         3    ###....
 Gell's Gravitas          Tloc           ##........   63%         3    ###....
 Petrify                  Tmut/Erth      ##......     95%         4    ####...
 Metabolic Englaciation   Hex/Ice        ##........   100%        5    ######.
 Yara's Violent Unravell  Hex/Tmut       ##........   100%        5    ######.


Dungeon Overview and Level Annotations

Branches:
Dungeon (7/15)
 Temple: D:4-7

Altars:
Cheibriados
Zin
The Shining One


Innate Abilities, Weirdness & Mutations

Your experience applies equally to all skills.
You have very sharp teeth.
Your uncanny sense of smell can sniff out nearby items.
You have a pair of small horns on your head.
You have an increased reservoir of magic. (+10% MP)


Message History

The orc hits you with a +0 short sword.
* * * LOW HITPOINT WARNING * * *
The orc priest casts a cantrip, but nothing happens.
Your quokka bites the orc.
The orc hits your quokka with a +0 short sword.
Your quokka dies!
Your quokka's corpse disappears in a puff of smoke!
The orc priest hits you but does no damage.
You barely miss the orc priest. You block the orc's attack.
You block the orc priest's attack.
You closely miss the orc priest. The orc barely misses you.
You hit the orc priest but do no damage.
The orc priest hits you with a +0 hand axe.
* * * LOW HITPOINT WARNING * * *
The orc hits you with a +0 short sword.
* * * LOW HITPOINT WARNING * * *
You closely miss the orc priest. You bite the orc priest.
The orc priest is lightly wounded.
You block the orc priest's attack. The orc hits you with a +0 short sword.
You die...

∆ # #.#
#######....
#.# #.o.....#
#.# #@#####.#
#.# #o#
#.###.##
#.##...#
###.##...###
#..........#
#.##.......#
##.##.......#
#..........##


You could see an orc priest and an orc.

Vanquished Creatures
  Sigmund (D:4)
  An ogre (D:7)
  A centaur (D:4)
  Blork the orc (D:4)
  A scorpion (D:7)
  A howler monkey (D:3)
  A crimson imp (D:5)
  A jelly (D:6)
  A bullfrog skeleton (D:4)
  An orc wizard (D:5)
  A hound (D:6)
  2 orc priests
  Crazy Yiuf (D:6)
  2 iguanas (D:4)
  A centaur skeleton (D:4)
  A worker ant (D:5)
  3 gnolls (D:4)
  8 adders
  A shadow imp (D:5)
  A worm (D:2)
  4 leopard geckos
  5 orcs
  6 bats
  7 giant cockroaches
  4 goblins
  10 hobgoblins
  7 jackals
  2 quokkas
  4 ball pythons
  6 frilled lizards
  A jackal skeleton (D:4)
  2 kobolds (D:2)
  A rat (D:2)
90 creatures vanquished.

Vanquished Creatures (collateral kills)
  An ogre (D:5)
  A worker ant (D:6)
  An ooze (D:4)
  An orc (D:7)
  A jackal (D:3)
5 creatures vanquished.

Grand Total: 95 creatures vanquished

Notes
Turn   | Place    | Note
-------+----------+-------------------------------------------
     0 | D:1      | Destapler the Gnoll Wanderer began the quest for the Orb.
     0 | D:1      | Destapler set off with the following items: a +2 dagger, 4
                  | curare-tipped darts, a potion of curing, a +0 robe, a
                  | ration; and the following spell memorised: Summon Small
                  | Mammal; and the following spells available to memorise:
                  | Summon Guardian Golem
     0 | D:1      | Reached XP level 1. HP: 17/17 MP: 4/4
   113 | D:1      | Reached XP level 2. HP: 4/23 MP: 5/5
   995 | D:2      | Reached XP level 3. HP: 27/28 MP: 7/7
  1112 | D:2      | Reached skill level 1 in Invocations
  1652 | D:2      | Reached skill level 1 in Short Blades
  1652 | D:2      | Reached skill level 1 in Long Blades
  1652 | D:2      | Reached skill level 1 in Axes
  1652 | D:2      | Reached skill level 1 in Maces & Flails
  1652 | D:2      | Reached skill level 1 in Polearms
  1652 | D:2      | Reached skill level 1 in Staves
  1652 | D:2      | Reached skill level 1 in Slings
  1652 | D:2      | Reached skill level 1 in Bows
  1652 | D:2      | Reached skill level 1 in Crossbows
  1652 | D:2      | Reached skill level 1 in Armour
  1652 | D:2      | Reached skill level 1 in Shields
  1652 | D:2      | Reached skill level 1 in Unarmed Combat
  1652 | D:2      | Reached skill level 1 in Evocations
  1739 | D:2      | Reached XP level 4. HP: 34/34 MP: 8/8
  1983 | D:3      | Reached skill level 1 in Conjurations
  1983 | D:3      | Reached skill level 1 in Hexes
  1983 | D:3      | Reached skill level 1 in Charms
  1983 | D:3      | Reached skill level 1 in Necromancy
  1983 | D:3      | Reached skill level 1 in Translocations
  1983 | D:3      | Reached skill level 1 in Transmutations
  1983 | D:3      | Reached skill level 1 in Fire Magic
  1983 | D:3      | Reached skill level 1 in Ice Magic
  1983 | D:3      | Reached skill level 1 in Air Magic
  1983 | D:3      | Reached skill level 1 in Earth Magic
  2391 | D:3      | Reached XP level 5. HP: 29/40 MP: 9/9
  2975 | D:4      | Noticed a centaur
  2991 | D:4      | Killed a centaur
  2991 | D:4      | Reached XP level 6. HP: 24/47 MP: 8/10
  3019 | D:4      | Noticed Sigmund
  3149 | D:4      | Gained mutation: You have an increased reservoir of magic.
                  | (+10% MP) [potion of mutation]
  3149 | D:4      | Gained mutation: You have a pair of small horns on your
                  | head. [potion of mutation]
  3180 | D:4      | Killed Sigmund
  3180 | D:4      | Reached skill level 5 in Dodging
  3206 | D:4      | Reached XP level 7. HP: 40/52 MP: 11/13
  3243 | D:5      | Entered Level 5 of the Dungeon
  3335 | D:4      | Noticed Blork the orc
  3353 | D:4      | Killed Blork the orc
  4074 | D:5      | Found a glowing silver altar of Zin.
  4179 | D:5      | Found a snail-covered altar of Cheibriados.
  4849 | D:6      | Reached XP level 8. HP: 33/60 MP: 15/15
  5106 | D:6      | Reached skill level 6 in Poison Magic
  5253 | D:6      | Found a glowing golden altar of the Shining One.
  5408 | D:6      | Found a runed translucent door.
  5409 | D:6      | Noticed Crazy Yiuf
  5587 | D:6      | Killed Crazy Yiuf
  5840 | D:7      | HP: 1/60 [orc/+0 short sword (5)]
  5841 | D:7      | Slain by an orc

Levels and vault maps discovered:
D:1:      dpeg_arrival_three_same_balls, layout_basic
D:2:      kb_forest_paths, layout_basic, first_ration
D:3:      layout_loops_ring
D:4:      layout_gridville, hangedman_feature_mirror, uniq_sigmund,
          uniq_blork_the_orc
D:5:      layout_gridville, kennysheep_mini_moat, lemuel_doored_altar
D:6:      layout_loops_ring, tso_metal_star, uniq_crazy_yiuf_cottage
D:7:      layout_loops_ring, gammafunk_temple_overflow_wave,
          lemuel_temple_firewalk_b, grunt_ogre_cave, uniq_prince_ribbit1,
          uniq_menkaure

Skill      XL: |  1  2  3  4  5  6  7  8 |
---------------+-------------------------+-----
Summonings     | 2 3 |  3.3
Invocations    | 1 2 3 |  3.4
Short Blades   | 1 2 3 |  3.1
Long Blades    | 1 2 3 |  3.1
Axes           | 1 2 3 |  3.1
Maces & Flails | 1 2 3 |  3.1
Polearms       | 1 2 3 |  3.1
Staves         | 1 2 3 |  3.1
Slings         | 1 2 3 |  3.1
Bows           | 1 2 3 |  3.1
Crossbows      | 1 2 3 |  3.1
Armour         | 1 2 3 |  3.1
Shields        | 1 2 3 |  3.1
Unarmed Combat | 1 2 3 |  3.1
Evocations     | 1 2 3 |  3.1
Spellcasting   | 3 4 |  4.2
Conjurations   | 1 2 |  2.5
Hexes          | 1 2 |  2.5
Charms         | 1 2 |  2.5
Necromancy     | 1 2 |  2.5
Translocations | 1 2 |  2.5
Transmutations | 1 2 |  2.5
Fire Magic     | 1 2 |  2.5
Ice Magic      | 1 2 |  2.5
Air Magic      | 1 2 |  2.5
Earth Magic    | 1 2 |  2.5
Fighting       | 3 4 |  4.0
Throwing       | 3 4 |  4.0
Dodging        | 5 |  5.5
Stealth        | 3 |  3.9
Poison Magic   | 6 |  6.0

Action                   |  1- 3 |  4- 6 |  7- 9 || total
-------------------------+-------+-------+-------++-------
Melee: Dagger            |   151 |   123 |   246 ||   520
       Bite              |    18 |     6 |    27 ||    51
       Headbutt          |       |     4 |    48 ||    52
       Punch             |       |       |     3 ||     3
Throw: Stone             |     6 |       |       ||     6
       Throwing net      |       |       |     2 ||     2
 Cast: Summon Small Mamm |     9 |     9 |    30 ||    48
  Use: Scroll            |     2 |       |    10 ||    12
       Potion            |       |     5 |     1 ||     6
 Stab: Distracted        |     2 |     1 |       ||     3
       Sleeping          |     4 |     4 |     7 ||    15
  Eat: Chunk             |     3 |     5 |     8 ||    16
Armor: Robe              |    35 |    19 |    34 ||    88
Dodge: Dodged            |   126 |    95 |   144 ||   365
Block: Shield            |       |       |    14 ||    14
